 Dungeon Crawl Stone Soup version 0.21.1-1-g345015f (webtiles) character file.

84 Iko the Skirmisher (level 4, -2/42 HPs)
             Began as a Hill Orc Chaos Knight on May 13, 2018.
             Slain by a wight
             ... wielding a +2 short sword
              (6 damage)
             ... on level 5 of the Dungeon.
             The game lasted 00:03:55 (566 turns).

Iko the Skirmisher (Hill Orc Chaos Knight)           Turns: 566, Time: 00:03:56

Health: -2/42      AC:  7    Str: 14    XL:     4   Next: 45%
Magic:  4/4        EV:  8    Int: 12    God:    Xom [...*..]
Gold:   86         SH:  0    Dex: 11    Spells: 3/3 levels left

rFire    . . .     SeeInvis .   a - +0 falchion (chaos)
rCold    . . .     Gourm    .   (no shield)
rNeg     . . .     Faith    .   f - +0 scale mail (curse)
rPois    .         Spirit   .   (no helmet)
rElec    .         Reflect  .   (no cloak)
rCorr    .         Harm     .   (no gloves)
MR       .....                  d - +0 pair of boots
Stlth    ..........             (no amulet)
HPRegen  0.14/turn              (no ring)
MPRegen  0.09/turn              (no ring)

@: drained
A: no striking features
a: Renounce Religion


You were on level 5 of the Dungeon.
You worshipped Xom.
You were a favourite toy of Xom.
You were not hungry.

You visited 1 branch of the dungeon, and saw 6 of its levels.

You collected 86 gold pieces.

Inventory:

Hand Weapons
 a - a +0 falchion of chaos (weapon)
Armour
 d - a +0 pair of boots (worn)
 f - a cursed +0 scale mail (worn)
Comestibles
 c - 2 rations


   Skills:
 + Level 5.0(4.0) Fighting
 + Level 4.3(3.3) Long Blades
 + Level 2.5(1.5) Armour
 + Level 0.8(0.0) Dodging


You had 3 spell levels left.
You didn't know any spells.

Dungeon Overview and Level Annotations

Branches:
Dungeon (6/15)
 Temple: D:4-7

Altars:
Cheibriados


Message History

You feel drained. The wight closely misses you.
The wight hits you but does no damage. The wight completely misses you.
You hit the wight.
The wight looks slightly unstable.
The wight is severely damaged.
The wight barely misses you.
You riposte.
You closely miss the wight.
The wight is severely damaged.
The wight hits you but does no damage.
The wight hits you with an enchanted short sword.
You feel drained.
You barely miss the wight.
The wight is severely damaged.
The wight disappears!
The wight hits you with an enchanted short sword.
* * * LOW HITPOINT WARNING * * *
The wight hits you with an enchanted short sword.
* * * LOW HITPOINT WARNING * * *
You hit the wight but do no damage.
The wight hits you with an enchanted short sword.
You die...
Xom giggles madly!

............##.#
#.##+#.#
............##.# #..
#.#....#
......####..##.# #.#
#.#....# ......#
##.##.# # #.# #.#
...### ####### #..#.#
#.#.#.#.##+#.[..
##.#.#
#.#.#.#......... #...#
.....#.........
##..#####.###.........
#.zz@................
########.####.....##.
#.# +.....### #.#
#<....... #.#
#....#### #.# +5.....
#.# #.....## #..
......#


You could see 2 wights.

Vanquished Creatures
  An orc priest (D:4)
  A worker ant (D:4)
  A shadow imp (D:5)
  A worm (D:4)
  2 leopard geckos
  2 orcs (D:4)
  A giant cockroach (D:2)
  A quokka (D:4)
  2 bats
  A frilled lizard (D:3)
  A goblin (D:1)
  A kobold (D:3)
  A leopard gecko skeleton (D:4)
  2 rats
18 creatures vanquished.

Notes
Turn   | Place    | Note
-------+----------+-------------------------------------------
     0 | D:1      | Iko the Hill Orc Chaos Knight began the quest for the Orb.
     0 | D:1      | Reached XP level 1. HP: 19/19 MP: 1/1
   175 | D:2      | Reached skill level 4 in Fighting
   190 | D:2      | Reached XP level 2. HP: 27/27 MP: 2/2
   213 | D:2      | Found a snail-covered altar of Cheibriados.
   275 | D:4      | Reached XP level 3. HP: 24/34 MP: 3/3
   456 | D:4      | XOM: potion effect (might)
   462 | D:4      | XOM: fake destruction
   468 | D:4      | Reached skill level 5 in Fighting
   468 | D:4      | Reached XP level 4. HP: 22/42 MP: 4/4
   474 | D:5      | Entered Level 5 of the Dungeon
   525 | D:5      | XOM: 2-stop teleportation journey
   566 | D:5      | Slain by a wight

Skill      XL: |  1  2  3 |
---------------+----------+-----
Fighting       | 4 5 |  5.0
Long Blades    | 4 |  4.3
Armour         | |  2.5
Dodging        | |  0.8

Action                   |  1- 3 |  4- 6 || total
-------------------------+-------+-------++-------
Melee: Falchion          |    42 |    14 ||    56
  Use: Potion            |     1 |       ||     1
       Scroll            |     1 |       ||     1
Armor: Leather armour    |     9 |       ||     9
       Scale mail        |     5 |     9 ||    14
Dodge: Dodged            |    22 |    13 ||    35
       Rpst.: Falchion   |     7 |     5 ||    12
